 Dungeon Crawl Stone Soup version 0.31-a0-853-gc9b61b78f7 (webtiles) character file.

Game seed: 16238337809501262185

85 BinkBink the Shooter (level 4, 0/23 HPs)
             Began as a Spriggan Hunter on Oct 8, 2023.
             Killed from afar by Natasha (8 damage)
             ... with a magic dart
             ... on level 3 of the Dungeon.
             The game lasted 00:02:00 (1568 turns).

BinkBink the Shooter (Spriggan Hunter)              Turns: 1568, Time: 00:02:01

Health: 0/23       AC:  2    Str:  7    XL:     4   Next: 25%
Magic:  5/5        EV: 18    Int: 10    God:
Gold:   63         SH:  0    Dex: 20    Spells: 3/3 levels left

rFire   . . .        a - +0 shortbow
rCold   . . .        (shield currently unavailable)
rNeg    . . .        c - +0 robe
rPois   .            (helmet restricted)
rElec   .            (no cloak)
rCorr   .            (gloves unavailable)
SInv    +            (boots unavailable)
Will    .....        (no amulet)
Stlth   ++           (no ring)
HPRegen 0.23/turn    (no ring)
MPRegen 0.09/turn

%: no passive effects
@: very quick
A: very small, no large weapons, unfitting armour, see invisible, speed 3
a: no special abilities


You were on level 3 of the Dungeon.
You visited 1 branch of the dungeon, and saw 3 of its levels.

You collected 63 gold pieces.

Inventory:

Hand Weapons
 a - a +0 shortbow (weapon)
Missiles
 e - a throwing net
Armour
 c - a +0 robe (worn)
Scrolls
 b - 2 scrolls of butterflies
 d - 2 scrolls of fog {unknown}
 i - 4 scrolls of teleportation {unknown}
 k - a scroll of blinking {unknown}
 l - 5 scrolls of identify {unknown}
 n - a scroll of immolation {unknown}
Potions
 f - a potion of ambrosia {unknown}
 g - a potion of attraction {unknown}
 h - a potion of berserk rage {unknown}
 j - a potion of cancellation {unknown}
 m - a potion of invisibility {unknown}


   Skills:
 + Level 2.4 Fighting
 * Level 5.2 Ranged Weapons
 - Level 2.6 Dodging
 - Level 1.5 Stealth


You had 3 spell levels left.
You didn't know any spells.
Your spell library was empty.

Dungeon Overview and Level Annotations

Branches:
Dungeon (3/15)

Altars:
Hepliaklqana
Okawaru
Uskayaw

Annotations:
D:3 Natasha


Innate Abilities, Weirdness & Mutations

You are very small and have problems with some larger weapons.
You are too small for most types of armour.
You have supernaturally acute eyesight. (SInv)
You cover ground extremely quickly. (Speed+++)


Message History

Natasha is severely wounded.
You shoot an arrow. The arrow closely misses Natasha.
Natasha casts a spell.
You shoot an arrow. The arrow barely misses Natasha.
The arrow hits the plant!
The plant begins to die.
The plant is lightly damaged.
Natasha mumbles some strange words.
You shoot an arrow. The arrow closely misses Natasha.
The arrow hits the plant.
The plant is lightly damaged.
You shoot an arrow.
The arrow hits the cerulean imp but does no damage.
You shoot an arrow.
The arrow barely misses the cerulean imp.
A nearby plant withers and dies.
The cerulean imp hits you from afar with a +2 spear.
You shoot an arrow.
The arrow closely misses the cerulean imp.
The cerulean imp barely misses you.
You shoot an arrow. The arrow hits the cerulean imp.
The cerulean imp is moderately wounded.
You hear a shout!
The cerulean imp misses you.
The cerulean imp hits you from afar with a +2 spear.
You shoot an arrow. The arrow hits the cerulean imp.
The cerulean imp is moderately wounded.
The cerulean imp hits you from afar with a +2 spear.
You shoot an arrow.
The arrow closely misses the cerulean imp.
The cerulean imp hits you from afar with a +2 spear.
You are too injured to fight recklessly!
You are too injured to fight recklessly!
You are too injured to fight recklessly!
The cerulean imp hits you from afar with a +2 spear.
You are too injured to fight recklessly!
Natasha casts a spell at you.
You easily resist.
Natasha casts a spell at you. The magic dart hits you!
You die...
Natasha begins licking her fur clean.

#.##....†..#
#.##.......#
..##.......#
####.......#
##.####.# #. #.#
#. #.###########
##...........#
#......§@§...#
#.≈≈≈._.§§≈..#
##...≈..§§§...#
#..≈.§§.≈≈.5.##
....≈..†....≈.#
..##.≈≈≈≈.§≈≈§§#
.. #......§§..§#
#.≈≈≈≈h§§≈§.#
#.§...h.§.≈.#


You could see Natasha and a cerulean imp (summoned).

Vanquished Creatures
  An orc wizard (D:3)
  3 worms (D:2)
  2 dart slugs
  5 orcs (D:3)
  4 endoplasms
  6 goblins
  3 hobgoblins
  2 kobolds
  A quokka (D:3)
  6 ball pythons (D:1)
  2 bats
  5 frilled lizards
  4 rats
44 creatures vanquished.

Vanquished Creatures (others)
  A dart slug (D:3)
1 creature vanquished.

Grand Total: 45 creatures vanquished

Notes
Turn   | Place    | Note
-------+----------+-------------------------------------------
     0 | D:1      | BinkBink the Spriggan Hunter began the quest for the Orb.
     0 | D:1      | Reached XP level 1. HP: 10/10 MP: 2/2
   140 | D:1      | Reached XP level 2. HP: 15/15 MP: 3/3
   773 | D:2      | Reached XP level 3. HP: 18/18 MP: 4/4
  1168 | D:3      | Reached skill level 5 in Ranged Weapons
  1168 | D:3      | Reached XP level 4. HP: 22/23 MP: 5/5
  1350 | D:3      | Found a hazy altar of Hepliaklqana.
  1485 | D:3      | Found an iron altar of Okawaru.
  1496 | D:3      | Found a hide-covered altar of Uskayaw.
  1533 | D:3      | Noticed Natasha
  1568 | D:3      | Killed from afar by Natasha

Illustrated notes

Levels and vault maps discovered:
D:1:      tarquinn_simple_flora_water_a, layout_loops_ring
D:2:      layout_basic
D:3:      layout_basic, mainiacjoe_overflow_catwalk_spiral,
          mainiacjoe_overflow_large_starburst,
          mainiacjoe_overflow_six_doors_small, serial_bayou_pond_d,
          lemuel_flame_loot_1, uniq_natasha

Skill      XL: |  1  2  3 |
---------------+----------+-----
Fighting       | 2 |  2.4
Ranged Weapons | 5 |  5.2
Dodging        | |  2.6
Stealth        | |  1.5

Action                     |  1- 3 |  4- 6 || total
---------------------------+-------+-------++-------
   Fire: Shortbow          |    90 |    46 ||   136
 Armour: Robe              |     7 |     9 ||    16
  Dodge: Dodged            |    19 |     7 ||    26

Table legend: (Time is in decaauts)
 A = Elapsed time spent in this place.
 B = Non-inter-level travel time spent in this place.
 C = Inter-level travel time spent in this place.
 D = Time resting spent in this place.
 E = Time spent auto-exploring this place.
 F = Levels seen in this place.
 G = Mean time per level.
                   A        B        C        D        E       F      G
               +--------+--------+--------+--------+--------+-----+--------+
         Total |   1071 |   1020 |     51 |      0 |    780 |   3 |  357.0 |
       Dungeon |   1071 |   1020 |     51 |      0 |    780 |   3 |  357.0 |
               +--------+--------+--------+--------+--------+-----+--------+

Top non-repeatable levels by time:
     D:1: 471 daAuts
     D:2: 365 daAuts
     D:3: 235 daAuts
